| TOP OF THE 1ST |
|
University of North Carolina at Chapel Hill Tar Heels batting - Pitching for University of South Carolina Gamecocks : RHP Chris Sisko
|
|
Pitching: RHP Chris Sisko
|
|
|
Batting: LHB Juan Alvarado
|
0-0: Called Strike 0-1: Ball 1-1: Swinging Strike 1-2: Ball 2-2: Ball 3-2: Ground out 4-3 (Groundball, 4S, EV 82.5 MPH)
|
|
Batting: LHB Chris Robertson
|
0-0: Called Strike 0-1: Fly out, F9 (Flyball, BS8, EV 92.5 MPH)
|
|
Batting: RHB Michael Houseman
|
0-0: DOUBLE (Line Drive, 3D, EV 98.8 MPH)
|
|
Batting: RHB Mike Machalek
|
0-0: Ball 1-0: Foul Ball, location: 2F 1-1: Called Strike 1-2: Ball 2-2: Foul Ball, location: 2F 2-2: SINGLE (Line Drive, 7S, EV 90.6 MPH) Michael Houseman to third Runner from 3rd tries for Home, SAFE, throw by LF to home
|
|
Batting: RHB Jeremy Rollins
|
0-0: Ball 1-0: Ball 2-0: Ball 3-0: Base on Balls Mike Machalek to second
|
|
Batting: LHB Roberto Lopez
|
0-0: Foul Ball, location: 2F 0-1: Foul Ball, location: 2F 0-2: Ball 1-2: Ball 2-2: Ball 3-2: Strikes out swinging
|
| Top of the 1st over - 1 run, 2 hits, 0 errors, 2 left on base; University of North Carolina at Chapel Hill 1 - University of South Carolina 0 |
| BOTTOM OF THE 1ST |
|
University of South Carolina Gamecocks batting - Pitching for University of North Carolina at Chapel Hill Tar Heels : RHP Fernando Conzalez
|
|
Pitching: RHP Fernando Conzalez
|
|
|
Batting: RHB Justin Kurutz
|
0-0: Foul Ball, location: 2F 0-1: Called Strike 0-2: Ball 1-2: Ball 2-2: Strikes out swinging
|
|
Batting: RHB Brian Passalacqua
|
0-0: Foul Ball, location: 2F 0-1: Foul Ball, location: 2F 0-2: Ball 1-2: Ball 2-2: Foul Ball, location: 2F 2-2: Foul Ball, location: 2F 2-2: Strikes out swinging
|
|
Batting: SHB Keith Mihas
|
0-0: Called Strike 0-1: Fly out, F7 (Flyball, 78M, EV 88.8 MPH)
|
| Bottom of the 1st over - 0 runs, 0 hits, 0 errors, 0 left on base; University of North Carolina at Chapel Hill 1 - University of South Carolina 0 |
| TOP OF THE 2ND |
|
University of North Carolina at Chapel Hill Tar Heels batting - Pitching for University of South Carolina Gamecocks : RHP Chris Sisko
|
|
Batting: SHB Jim Saxon
|
0-0: Foul Ball, location: 2F 0-1: Foul Ball, location: 2F 0-2: Ground out 4-3 (Groundball, 4M, EV 86.2 MPH)
|
|
Batting: RHB Steve Breshears
|
0-0: SINGLE (Groundball, 4MD, EV 96.9 MPH)
|
|
Batting: RHB Brandon Wilson
|
0-0: Foul Ball, location: 2F 0-1: Fly out, F8 (Line Drive, 78D, EV 95.6 MPH)
|
|
Now in CF: Abel Wensink
|
|
|
Batting: LHB Juan Alvarado
|
0-0: Ball 1-0: Called Strike 1-1: Ball 2-1: Swinging Strike 2-2: Ball 3-2: SINGLE (Line Drive, 8RS, EV 106.9 MPH) Steve Breshears to second Steve Breshears to third
|
|
Batting: LHB Chris Robertson
|
0-0: Ball 1-0: Fly out, F8 (Flyball, 8RXD, EV 100.0 MPH)
|
| Top of the 2nd over - 0 runs, 2 hits, 0 errors, 2 left on base; University of North Carolina at Chapel Hill 1 - University of South Carolina 0 |
| BOTTOM OF THE 2ND |
|
University of South Carolina Gamecocks batting - Pitching for University of North Carolina at Chapel Hill Tar Heels : RHP Fernando Conzalez
|
|
Batting: LHB Chris McNay
|
0-0: Swinging Strike 0-1: Fly out, F8 (Flyball, 8LS, EV 87.5 MPH)
|
|
Batting: RHB Lance Neldon
|
0-0: Ball 1-0: Ball 2-0: Swinging Strike 2-1: Ball 3-1: Foul Ball, location: 2F 3-2: Foul Ball, location: 2F 3-2: Strikes out swinging
|
|
Batting: LHB Bert Webster
|
0-0: Ball 1-0: Called Strike 1-1: Foul Ball, location: 2F 1-2: Strikes out looking
|
| Bottom of the 2nd over - 0 runs, 0 hits, 0 errors, 0 left on base; University of North Carolina at Chapel Hill 1 - University of South Carolina 0 |
| TOP OF THE 3RD |
|
University of North Carolina at Chapel Hill Tar Heels batting - Pitching for University of South Carolina Gamecocks : RHP Chris Sisko
|
|
Batting: RHB Michael Houseman
|
0-0: SOLO HOME RUN (Flyball, 7D, EV 110.6 MPH), Distance : 459 ft
|
|
Batting: RHB Mike Machalek
|
0-0: Fly out, F8 (Flyball, 8RD, EV 78.8 MPH)
|
|
Batting: RHB Jeremy Rollins
|
0-0: Called Strike 0-1: Ball 1-1: Ball 2-1: Foul Ball, location: 2F 2-2: Strikes out swinging
|
|
Batting: LHB Roberto Lopez
|
0-0: Ball 1-0: Foul Ball, location: 2F 1-1: Foul Ball, location: 2F 1-2: Foul Ball, location: 2F 1-2: Foul Ball, location: 2F 1-2: Strikes out swinging
|
| Top of the 3rd over - 1 run, 1 hit, 0 errors, 0 left on base; University of North Carolina at Chapel Hill 2 - University of South Carolina 0 |
| BOTTOM OF THE 3RD |
|
University of South Carolina Gamecocks batting - Pitching for University of North Carolina at Chapel Hill Tar Heels : RHP Fernando Conzalez
|
|
Batting: RHB Abel Wensink
|
0-0: Fly out, F7 (Flyball, 78D, EV 96.9 MPH)
|
|
Batting: LHB Corey Lomas
|
0-0: Ball 1-0: Ball 2-0: Foul Ball, location: 2F 2-1: Ball 3-1: Foul Ball, location: 2F 3-2: Foul Ball, location: 2F 3-2: Foul Ball, location: 2F 3-2: Foul Ball, location: 2F 3-2: Strikes out swinging
|
|
Batting: RHB Ben Turner
|
0-0: Foul Ball, location: 2F 0-1: Called Strike 0-2: Foul Ball, location: 2F 0-2: Ground out 6-3 (Groundball, 6, EV 105.0 MPH)
|
| Bottom of the 3rd over - 0 runs, 0 hits, 0 errors, 0 left on base; University of North Carolina at Chapel Hill 2 - University of South Carolina 0 |
| TOP OF THE 4TH |
|
University of North Carolina at Chapel Hill Tar Heels batting - Pitching for University of South Carolina Gamecocks : RHP Chris Sisko
|
|
Batting: SHB Jim Saxon
|
0-0: Ball 1-0: Ball 2-0: Fly out, F8 (Flyball, 78S, EV 83.8 MPH)
|
|
Batting: RHB Steve Breshears
|
0-0: Ball 1-0: Swinging Strike 1-1: Foul Ball, location: 2F 1-2: Strikes out swinging
|
|
Batting: RHB Brandon Wilson
|
0-0: Called Strike 0-1: Foul Ball, location: 2F 0-2: Ball 1-2: Ground out 6-3 (Groundball, 6MD, EV 107.5 MPH)
|
| Top of the 4th over - 0 runs, 0 hits, 0 errors, 0 left on base; University of North Carolina at Chapel Hill 2 - University of South Carolina 0 |
| BOTTOM OF THE 4TH |
|
University of South Carolina Gamecocks batting - Pitching for University of North Carolina at Chapel Hill Tar Heels : RHP Fernando Conzalez
|
|
Batting: RHB Justin Kurutz
|
0-0: Ball 1-0: Ground out 4-3 (Groundball, 13, EV 80.6 MPH)
|
|
Batting: RHB Brian Passalacqua
|
0-0: Fly out, F7 (Flyball, 7LM, EV 93.1 MPH)
|
|
Batting: SHB Keith Mihas
|
0-0: SINGLE (Line Drive, 6D, EV 96.2 MPH)
|
|
Batting: LHB Chris McNay
|
0-0: Ball 1-0: Called Strike 1-1: DOUBLE (Line Drive, 3D, EV 98.1 MPH) Keith Mihas to third
|
|
Batting: RHB Lance Neldon
|
0-0: Ball 1-0: Foul Ball, location: 2F 1-1: DOUBLE (Line Drive, 78M, EV 108.8 MPH) Keith Mihas scores Chris McNay scores
|
|
Batting: LHB Bert Webster
|
0-0: Ball 1-0: Called Strike 1-1: Swinging Strike 1-2: Foul Ball, location: 2F 1-2: Strikes out looking
|
| Bottom of the 4th over - 2 runs, 3 hits, 0 errors, 1 left on base; University of North Carolina at Chapel Hill 2 - University of South Carolina 2 |
| TOP OF THE 5TH |
|
University of North Carolina at Chapel Hill Tar Heels batting - Pitching for University of South Carolina Gamecocks : RHP Chris Sisko
|
|
Batting: LHB Juan Alvarado
|
0-0: Ball 1-0: Called Strike 1-1: Ball 2-1: Ball 3-1: Called Strike 3-2: SINGLE (Line Drive, 9S, EV 103.1 MPH)
|
|
Batting: LHB Chris Robertson
|
0-0: Foul Ball, location: 2F 0-1: Foul Ball, location: 2F 0-2: Fly out, F8 (Flyball, 8LM, EV 92.5 MPH)
|
|
Batting: RHB Michael Houseman
|
0-0: Called Strike 0-1: Ball 1-1: Fly out, F9 (Flyball, 89M, EV 92.5 MPH)
|
|
Batting: RHB Mike Machalek
|
0-0: Ball 1-0: Ball 2-0: Ball 3-0: Fielders Choice at 2nd, U6 (Groundball, 6M, EV 93.1 MPH)
|
| Top of the 5th over - 0 runs, 1 hit, 0 errors, 1 left on base; University of North Carolina at Chapel Hill 2 - University of South Carolina 2 |
| BOTTOM OF THE 5TH |
|
University of South Carolina Gamecocks batting - Pitching for University of North Carolina at Chapel Hill Tar Heels : RHP Fernando Conzalez
|
|
Batting: RHB Abel Wensink
|
0-0: Bunt for hit to 15 - play at first, batter OUT! 1-3
|
|
Batting: LHB Corey Lomas
|
0-0: Called Strike 0-1: Ball 1-1: Ball 2-1: Fly out, F6 (Line Drive, 6, EV 60.0 MPH)
|
|
Batting: RHB Ben Turner
|
0-0: Ball 1-0: Ball 2-0: Foul Ball, location: 2F 2-1: Fly out, F7 (Flyball, 7D, EV 100.0 MPH)
|
| Bottom of the 5th over - 0 runs, 0 hits, 0 errors, 0 left on base; University of North Carolina at Chapel Hill 2 - University of South Carolina 2 |
| TOP OF THE 6TH |
|
University of North Carolina at Chapel Hill Tar Heels batting - Pitching for University of South Carolina Gamecocks : RHP Chris Sisko
|
|
Batting: RHB Jeremy Rollins
|
0-0: Called Strike 0-1: DOUBLE (Flyball, 8LXD, EV 97.5 MPH)
|
|
Batting: LHB Roberto Lopez
|
0-0: Foul Ball, location: 2F 0-1: Ball 1-1: Swinging Strike 1-2: SINGLE (Line Drive, 9S, EV 95.0 MPH) Jeremy Rollins to third
|
|
Pitching: RHP Jop van Grootveld
|
|
|
Batting: SHB Jim Saxon
|
0-0: Ball 1-0: TRIPLE (Flyball, 89D, EV 98.1 MPH) Jeremy Rollins scores Roberto Lopez scores
|
|
Batting: RHB Steve Breshears
|
0-0: Ball 1-0: Foul Ball, location: 2F 1-1: Ball 2-1: Ball 3-1: SINGLE (Line Drive, 34D, EV 94.4 MPH) Jim Saxon scores
|
|
Batting: RHB Brandon Wilson
|
0-0: Ball 1-0: Foul Ball, location: 2F 1-1: Ball 2-1: Foul Ball, location: 2F 2-2: Strikes out swinging
|
|
Batting: LHB Juan Alvarado
|
0-0: Fly out, F8 (Flyball, 78M, EV 93.8 MPH)
|
|
Batting: LHB Chris Robertson
|
0-0: Foul Ball, location: 2F 0-1: Ground out U3 (Groundball, 3L, EV 105.6 MPH)
|
| Top of the 6th over - 3 runs, 4 hits, 0 errors, 1 left on base; University of North Carolina at Chapel Hill 5 - University of South Carolina 2 |
| BOTTOM OF THE 6TH |
|
University of South Carolina Gamecocks batting - Pitching for University of North Carolina at Chapel Hill Tar Heels : RHP Fernando Conzalez
|
|
Batting: RHB Justin Kurutz
|
0-0: Ball 1-0: Ball 2-0: Ball 3-0: Called Strike 3-1: Foul Ball, location: 2F 3-2: Ground out 5-3 (Groundball, 56, EV 103.1 MPH)
|
|
Batting: RHB Brian Passalacqua
|
0-0: Ball 1-0: Ball 2-0: Foul Ball, location: 2F 2-1: Fly out, F4 (Popup, 34, EV 70.6 MPH)
|
|
Batting: SHB Keith Mihas
|
0-0: Ball 1-0: Ground out 4-3 (Groundball, 34, EV 106.9 MPH)
|
| Bottom of the 6th over - 0 runs, 0 hits, 0 errors, 0 left on base; University of North Carolina at Chapel Hill 5 - University of South Carolina 2 |
| TOP OF THE 7TH |
|
University of North Carolina at Chapel Hill Tar Heels batting - Pitching for University of South Carolina Gamecocks : RHP Jop van Grootveld
|
|
Pitching: RHP Danny Ramos
|
|
|
Batting: RHB Michael Houseman
|
0-0: Ball 1-0: Called Strike 1-1: Ball 2-1: Foul Ball, location: 2F 2-2: Ground out 5-3 (Groundball, 5D, EV 83.8 MPH)
|
|
Batting: RHB Mike Machalek
|
0-0: Fly out, F8 (Flyball, 8LS, EV 85.6 MPH)
|
|
Batting: RHB Jeremy Rollins
|
0-0: Ball 1-0: Ball 2-0: Swinging Strike 2-1: Fly out, F8 (Flyball, 8RXD, EV 93.1 MPH)
|
| Top of the 7th over - 0 runs, 0 hits, 0 errors, 0 left on base; University of North Carolina at Chapel Hill 5 - University of South Carolina 2 |
| BOTTOM OF THE 7TH |
|
University of South Carolina Gamecocks batting - Pitching for University of North Carolina at Chapel Hill Tar Heels : RHP Fernando Conzalez
|
|
Batting: LHB Chris McNay
|
0-0: Ball 1-0: Foul Ball, location: 2F 1-1: Foul Ball, location: 2F 1-2: Ball 2-2: SINGLE (Line Drive, 89M, EV 103.1 MPH)
|
|
Batting: RHB Lance Neldon
|
0-0: Called Strike 0-1: Ball 1-1: Foul Ball, location: 2F 1-2: Ball 2-2: Strikes out swinging
|
|
Pitching: RHP Alex Aldaya
|
|
|
Batting: LHB Bert Webster
|
0-0: Ball Chris McNay steals 2nd base 1-0: Swinging Strike 1-1: Ball 2-1: Fly out, F7 (Line Drive, 7S, EV 90.0 MPH)
|
|
Batting: RHB Abel Wensink
|
0-0: Called Strike 0-1: Foul Ball, location: 2F 0-2: Ball 1-2: Ball 2-2: Ball 3-2: Base on Balls
|
|
Batting: LHB Corey Lomas
|
0-0: Ball 1-0: Foul Ball, location: 2F 1-1: Called Strike 1-2: Ground out 4-3 (Groundball, 34, EV 107.5 MPH)
|
| Bottom of the 7th over - 0 runs, 1 hit, 0 errors, 2 left on base; University of North Carolina at Chapel Hill 5 - University of South Carolina 2 |
| TOP OF THE 8TH |
|
University of North Carolina at Chapel Hill Tar Heels batting - Pitching for University of South Carolina Gamecocks : RHP Danny Ramos
|
|
Batting: LHB Roberto Lopez
|
0-0: Foul Ball, location: 2F 0-1: Ball 1-1: Ball 2-1: Ball 3-1: Called Strike 3-2: Foul Ball, location: 2F 3-2: SINGLE (Groundball, 15S, EV 70.6 MPH) (infield hit)
|
|
Batting: SHB Jim Saxon
|
0-0: Called Strike 0-1: SINGLE (Flyball, 78S, EV 98.1 MPH) Roberto Lopez to second
|
|
Batting: RHB Steve Breshears
|
0-0: Ball Wild Pitch! Roberto Lopez to third Jim Saxon to second 1-0: Foul Ball, location: 2F 1-1: Ball 2-1: SINGLE (Flyball, 34D, EV 95.0 MPH) Roberto Lopez scores Jim Saxon to third
|
|
Batting: RHB Brandon Wilson
|
0-0: Ball 1-0: Ball 2-0: Ball 3-0: Base on Balls Steve Breshears to second
|
|
Pitching: LHP Mijalko Brkic
|
|
|
Batting: LHB Juan Alvarado
|
0-0: Foul Ball, location: 2F 0-1: Swinging Strike 0-2: Ball 1-2: Fly out, F6 (Popup, 6M, EV 63.1 MPH)
|
|
Batting: LHB Chris Robertson
|
0-0: Ball 1-0: Called Strike 1-1: Ball 2-1: Foul Ball, location: 2F 2-2: Ball 3-2: Foul Ball, location: 2F 3-2: Fielders Choice at 2nd, 6-4 (Groundball, 6, EV 88.8 MPH) Jim Saxon scores Steve Breshears to third
|
|
Pitching: RHP Juan Lazo
|
|
|
Batting: RHB Michael Houseman
|
0-0: Foul Ball, location: 2F 0-1: Ball 1-1: Ball 2-1: DOUBLE (Flyball, 89D, EV 96.2 MPH) Steve Breshears scores Chris Robertson to third
|
|
Batting: RHB Mike Machalek
|
0-0: Ball 1-0: Swinging Strike 1-1: Fly out, F7 (Flyball, 7D, EV 91.9 MPH)
|
| Top of the 8th over - 3 runs, 4 hits, 0 errors, 2 left on base; University of North Carolina at Chapel Hill 8 - University of South Carolina 2 |
| BOTTOM OF THE 8TH |
|
University of South Carolina Gamecocks batting - Pitching for University of North Carolina at Chapel Hill Tar Heels : RHP Alex Aldaya
|
|
Batting: RHB Ben Turner
|
0-0: Ball 1-0: Foul Ball, location: 2F 1-1: Fly out, F3 (Popup, 3SF, EV 85.6 MPH)
|
|
Batting: RHB Justin Kurutz
|
0-0: Ball 1-0: Called Strike 1-1: Foul Ball, location: 2F 1-2: Ball 2-2: Strikes out looking
|
|
Pitching: RHP Didier Pages
|
|
|
Batting: RHB Brian Passalacqua
|
0-0: Ball 1-0: Ball 2-0: Called Strike 2-1: Fly out, F8 (Flyball, 8RM, EV 79.4 MPH)
|
| Bottom of the 8th over - 0 runs, 0 hits, 0 errors, 0 left on base; University of North Carolina at Chapel Hill 8 - University of South Carolina 2 |
| TOP OF THE 9TH |
|
University of North Carolina at Chapel Hill Tar Heels batting - Pitching for University of South Carolina Gamecocks : RHP Juan Lazo
|
|
Batting: RHB Jeremy Rollins
|
0-0: Ball 1-0: Swinging Strike 1-1: Called Strike 1-2: Foul Ball, location: 2F 1-2: Ball 2-2: Fly out, F8 (Flyball, 8LD, EV 75.6 MPH)
|
|
Batting: LHB Roberto Lopez
|
0-0: Ball 1-0: Swinging Strike 1-1: Foul Ball, location: 2F 1-2: Ball 2-2: Ball 3-2: Fly out, F9 (Flyball, 9, EV 75.0 MPH)
|
|
Batting: SHB Jim Saxon
|
0-0: Ball 1-0: Foul Ball, location: 2F 1-1: Swinging Strike 1-2: Fly out, F9 (Flyball, 9, EV 89.4 MPH)
|
| Top of the 9th over - 0 runs, 0 hits, 0 errors, 0 left on base; University of North Carolina at Chapel Hill 8 - University of South Carolina 2 |
| BOTTOM OF THE 9TH |
|
University of South Carolina Gamecocks batting - Pitching for University of North Carolina at Chapel Hill Tar Heels : RHP Didier Pages
|
|
Batting: SHB Keith Mihas
|
0-0: Foul Ball, location: 2F 0-1: DOUBLE (Flyball, 78D, EV 103.8 MPH)
|
|
Batting: LHB Chris McNay
|
0-0: Ball 1-0: Swinging Strike 1-1: Fly out, F7 (Flyball, 7D, EV 92.5 MPH) Runner from 2nd tags up, SAFE at 3rd, no throw by LF
|
|
Batting: RHB Lance Neldon
|
0-0: Swinging Strike 0-1: Ball 1-1: Ball 2-1: Ball 3-1: Ground out 6-3 (Groundball, 6, EV 98.1 MPH) Keith Mihas scores
|
|
Batting: LHB Bert Webster
|
0-0: Called Strike 0-1: Ball 1-1: DOUBLE (Line Drive, 9LM, EV 94.4 MPH)
|
|
Pinch Hitting: LHB David Fowler
|
0-0: Ball 1-0: Called Strike 1-1: Ball 2-1: Ball 3-1: Foul Ball, location: 2F 3-2: Strikes out swinging
|
| Bottom of the 9th over - 1 run, 2 hits, 0 errors, 1 left on base; University of North Carolina at Chapel Hill 8 - University of South Carolina 3 |
|